 Dungeon Crawl Stone Soup version 0.23.2-40-g277498a (webtiles) character file.

Game seed: 12490567945180264125

1695616 davecave the Conqueror (level 27, 124/273 HPs)
             Began as a Minotaur Fighter on Aug 19, 2019.
             Was a High Priest of Okawaru.
             Escaped with the Orb
             ... and 3 runes on Aug 21, 2019!
             The game lasted 10:28:48 (85831 turns).

davecave the Conqueror (Minotaur Fighter)          Turns: 85831, Time: 10:28:49

Health: 124/273    AC: 36    Str: 43      XL:     27
Magic:  37/37      EV: 29    Int:  9      God:    Okawaru [*****.]
Gold:   8421       SH: 40    Dex: 19 (20) Spells: 26/26 levels left

rFire    + . .     SeeInvis .   j - +9 broad axe (freeze)
rCold    + + +     Gourm    .   T - +4 large shield "Damnable Contraption" {rC+ Str+3}
rNeg     + + .     Faith    .   P - +6 gold dragon scales
rPois    +         Spirit   .   z - +2 hat {MR+}
rElec    .         Reflect  +   Z - scarf {repulsion}
rCorr    +         Harm     .   x - +1 pair of gloves {Dex+3}
MR       +++..                  y - +2 pair of boots {run}
Stlth    ..........             F - +5 amulet of reflection
HPRegen  0.55/turn              H - ring "Kijet" {+Inv rN++ Str+6 Int+3}
MPRegen  0.25/turn              B - ring of the Six Wishes {rCorr +Fly rC+ Str+6}

@: heroism, finesse, studying Throwing, repel missiles, quick
A: retaliatory headbutt, horns 2, agile 1, deformed body, deterioration 2,
mutation resistance 1
0: Orb of Zot
}: 3/15 runes: serpentine, barnacled, silver
a: Heroism, Finesse, Renounce Religion, Evoke Invisibility, Evoke Flight


You escaped.
You worshipped Okawaru.
Okawaru was extremely pleased with you.
You were full.

You visited 11 branches of the dungeon, and saw 53 of its levels.
You visited the Abyss 3 times.
You also visited: Trove and Bailey.

You collected 12541 gold pieces.
You spent 4120 gold pieces at shops.

Inventory:

Hand Weapons
 j - a +9 broad axe of freezing (weapon)
 l - a +9 broad axe of flaming
 s - a +1 war axe of chopping
Armour
 x - a +1 pair of gloves of dexterity (worn)
 y - a +2 pair of boots of running (worn)
 z - a +2 hat of magic resistance (worn)
 E - a scarf of resistance
 I - the +4 shield "Jafoeles" {Str+4 Int-4}
   (You found it on level 1 of the Realm of Zot)

   It affects your strength (+4).
   It affects your intelligence (-4).
 P - +6 gold dragon scales (worn)
 T - the +4 large shield "Damnable Contraption" (worn) {rC+ Str+3}
   (Okawaru gifted it to you on level 5 of the Realm of Zot)

   It affects your strength (+3).
   It protects you from cold.
 Z - a scarf of repulsion (worn)
Jewellery
 B - the ring of the Six Wishes (right hand) {rCorr +Fly rC+ Str+6}
   (You found it on level 3 of the Crypt)

   [ring of resist corrosion]

   It affects your strength (+6).
   It protects you from cold.
   It lets you fly.
 F - a +5 amulet of reflection (around neck)
 H - the ring "Kijet" (left hand) {+Inv rN++ Str+6 Int+3}
   (You found it on level 12 of the Dungeon)

   [ring of strength]

   It affects your strength (+6).
   It affects your intelligence (+3).
   It greatly protects you from negative energy.
   It lets you turn invisible.
 K - a +6 ring of slaying
 O - the ring of Phasing {EV+8}
   (You found it on level 5 of the Vaults)

   [ring of evasion]

   It affects your evasion (+8).
Wands
 u - a wand of disintegration (55)
 w - a wand of clouds (13)
 A - a wand of paralysis (54)
 J - a wand of enslavement (16)
 L - a wand of polymorph (34)
Scrolls
 a - 12 scrolls of magic mapping
 b - 8 scrolls of blinking
 i - 26 scrolls of teleportation
 k - 27 scrolls of remove curse
 p - 3 scrolls of fog
 r - a scroll of enchant armour
 M - 2 scrolls of fear
 N - 7 scrolls of identify
 R - a scroll of summoning
 U - 4 scrolls of silence
Potions
 c - a potion of heal wounds
 d - 6 potions of might
 e - 28 potions of curing
 m - a potion of flight
 q - a potion of resistance
 C - 8 potions of agility
 G - 9 potions of haste
 V - a potion of berserk rage
Books
 S - a manual of Throwing
Miscellaneous
 g - a lightning rod (4/4)
 o - 3 sacks of spiders
 t - a lamp of fire
 Q - a phial of floods
 W - 4 phantom mirrors
 X - a fan of gales
Comestibles
 f - 18 rations


   Skills:
 O Level 27 Fighting
   Level 0.7(5.7) Short Blades
 - Level 18.0(23.0) Axes
 - Level 26.0(27) Armour
 - Level 22.0(27) Dodging
 - Level 26.0(27) Shields
 * Level 22.0 Invocations
 * Level 19.5 Evocations


You had 26 spell levels left.
You didn't know any spells.
Your spell library contained the following spells:

 Spells                   Type           Power        Failure   Level  Hunger
 Animate Skeleton         Necr           N/A          78%         1    ##.....
 Apportation              Tloc           #.....       78%         1    ##.....
 Confusing Touch          Hex            #.....       78%         1    ##.....
 Corona                   Hex            #......      78%         1    ##.....
 Freeze                   Ice            #...         78%         1    ##.....
 Infusion                 Chrm           #...         78%         1    ##.....
 Magic Dart               Conj           #...         78%         1    ##.....
 Pain                     Necr           #...         78%         1    ##.....
 Sandblast                Erth           #.....       78%         1    ##.....
 Sting                    Conj/Pois      #...         78%         1    ##.....
 Summon Butterflies       Summ           #.......     78%         1    ##.....
 Summon Small Mammal      Summ           #...         78%         1    ##.....
 Blink                    Tloc           N/A          89%         2    ###....
 Call Imp                 Summ           #.......     89%         2    ###....
 Corpse Rot               Necr           N/A          89%         2    ###....
 Ensorcelled Hibernation  Hex/Ice        #.....       89%         2    ###....
 Passwall                 Tmut/Erth      #.......     89%         2    ###....
 Poisonous Vapours        Pois/Air       #.....       89%         2    ###....
 Searing Ray              Conj           #.....       89%         2    ###....
 Shroud of Golubria       Chrm/Tloc      #.........   89%         2    ###....
 Slow                     Hex            #.......     89%         2    ###....
 Song of Slaying          Chrm           #.......     89%         2    ###....
 Sublimation of Blood     Necr           #.........   89%         2    ###....
 Swiftness                Chrm/Air       #.......     89%         2    ###....
 Throw Frost              Conj/Ice       #.....       89%         2    ###....
 Confuse                  Hex            #.......     98%         3    ####...
 Conjure Flame            Conj/Fire      #.......     98%         3    ####...
 Dazzling Spray           Conj/Hex       #.....       98%         3    ####...
 Gell's Gravitas          Tloc           #.........   98%         3    ####...
 Ignite Poison            Fire/Tmut/Pois #.......     98%         3    ####...
 Inner Flame              Hex/Fire       #.......     98%         3    ####...
 Lesser Beckoning         Tloc           #.........   98%         3    ####...
 Mephitic Cloud           Conj/Pois/Air  #.......     98%         3    ####...
 Ozocubu's Armour         Chrm/Ice       #.......     98%         3    ####...
 Portal Projectile        Hex/Tloc       #.....       98%         3    ####...
 Recall                   Summ/Tloc      N/A          98%         3    ####...
 Regeneration             Chrm/Necr      #.........   98%         3    ####...
 Spectral Weapon          Hex/Chrm       #.......     98%         3    ####...
 Spider Form              Tmut/Pois      #.........   98%         3    ####...
 Stone Arrow              Conj/Erth      #.....       98%         3    ####...
 Teleport Other           Tloc           #.......     98%         3    ####...
 Tukima's Dance           Hex            #.......     98%         3    ####...
 Vampiric Draining        Necr           #.........   98%         3    ####...
 Animate Dead             Necr           N/A          100%        4    #####..
 Cause Fear               Hex            #.........   100%        4    #####..
 Force Lance              Conj/Tloc      #.......     100%        4    #####..
 Fulminant Prism          Conj/Hex       #.........   100%        4    #####..
 Iskenderun's Mystic Bla  Conj           #.......     100%        4    #####..
 Leda's Liquefaction      Hex/Erth       #.........   100%        4    #####..
 Olgreb's Toxic Radiance  Pois           #.......     100%        4    #####..
 Petrify                  Tmut/Erth      #.......     100%        4    #####..
 Summon Ice Beast         Ice/Summ       #.......     100%        4    #####..
 Throw Icicle             Conj/Ice       #.......     100%        4    #####..
 Agony                    Necr           #.......     100%        5    ######.
 Alistair's Intoxication  Tmut/Pois      #.......     100%        5    ######.
 Bolt of Draining         Conj/Necr      #.........   100%        5    ######.
 Bolt of Magma            Conj/Fire/Erth #.........   100%        5    ######.
 Borgnjor's Vile Clutch   Necr/Erth      #.........   100%        5    ######.
 Dispel Undead            Necr           #.......     100%        5    ######.
 Excruciating Wounds      Chrm/Necr      #.........   100%        5    ######.
 Fireball                 Conj/Fire      #.........   100%        5    ######.
 Irradiate                Conj/Tmut      #.........   100%        5    ######.
 Lee's Rapid Deconstruct  Erth           #.........   100%        5    ######.
 Metabolic Englaciation   Hex/Ice        #.........   100%        5    ######.
 Silence                  Hex/Air        #.........   100%        5    ######.
 Summon Forest            Summ/Tloc      #.........   100%        5    ######.
 Venom Bolt               Conj/Pois      #.........   100%        5    ######.
 Yara's Violent Unravell  Hex/Tmut       #.........   100%        5    ######.
 Bolt of Fire             Conj/Fire      #.........   100%        6    #######
 Darkness                 Hex            #.........   100%        6    #######
 Death Channel            Necr           #.........   100%        6    #######
 Dispersal                Tloc           #.........   100%        6    #######
 Freezing Cloud           Conj/Ice/Air   #.........   100%        6    #######
 Hydra Form               Tmut           #.........   100%        6    #######
 Invisibility             Hex            #.......     100%        6    #######
 Iron Shot                Conj/Erth      #.........   100%        6    #######
 Shadow Creatures         Summ           N/A          100%        6    #######
 Simulacrum               Ice/Necr       #.........   100%        6    #######
 Statue Form              Tmut/Erth      #........    100%        6    #######
 Dragon Form              Tmut           #.........   100%        7    #######
 Haunt                    Necr/Summ      #.........   100%        7    #######
 Malign Gateway           Summ/Tloc      #.........   100%        7    #######
 Ring of Flames           Chrm/Fire      #.........   100%        7    #######
 Spellforged Servitor     Conj/Summ      #.........   100%        7    #######
 Summon Hydra             Summ           #.........   100%        7    #######
 Borgnjor's Revivificati  Necr           #.........   100%        8    #######
 Death's Door             Chrm/Necr      #.........   100%        8    #######
 Ignition                 Fire           #.........   100%        8    #######
 Infestation              Necr           #.........   100%        8    #######
 Necromutation            Tmut/Necr      #.........   100%        8    #######
 Shatter                  Erth           #.........   100%        9    #######
 Passage of Golubria      Tloc           Unusable     N/A         4    N/A

Dungeon Overview and Level Annotations

Branches:
Dungeon (15/15)            Temple (1/1) D:5            Lair (6/6) D:8
 Shoals (4/4) Lair:3        Snake (4/4) Lair:3        Slime (0/5) Lair:6
    Orc (2/2) D:10            Elf (3/3) Orc:2        Vaults (5/5) D:14
  Crypt (3/3) Vaults:3       Tomb (0/3) Crypt:3      Depths (5/5) D:15
    Zot (5/5) Depths:5

Altars:
Ashenzari
Cheibriados
Dithmenos
Elyvilon
Fedhas
Gozag
Hepliaklqana
Kikubaaqudgha
Makhleb
Nemelex Xobeh
Okawaru
Qazlal
Ru
Sif Muna
Trog
Uskayaw
Vehumet
Wu Jian
Xom
Yredelemnul
Zin
The Shining One

Shops:
D:11 [!!:   D:13 ?   D:15 *   Orc:2 ([*![(   Elf:2 *   Snake:2 (   Snake:3 (
Snake:4 *   Vaults:1 [   Vaults:3 }?   Depths:5 =}}(

Portals:
Hell: Depths:1 Depths:2 Depths:3 Depths:4 Depths:5
Abyss: Depths:4
Pandemonium: Depths:1 Depths:3
Ziggurat: Depths:4

Annotations:
Elf:2 2 runed translucent doors
Elf:3 exclusion: orange crystal statue
Depths:2 exclusion: orange crystal statue
Depths:3 exclusion: 2 orange crystal statues


Innate Abilities, Weirdness & Mutations

You reflexively headbutt those who attack you in melee.
You have a pair of horns on your head.
You are agile. (Dex +2)
Armour fits poorly on your strangely shaped body.
Your body often deteriorates upon taking damage.
You are somewhat resistant to further mutation.


Message History

The demonic crawler completely misses you.
You furiously retaliate!
You headbutt the demonic crawler. The demonic crawler barely misses you.
The demonic crawler completely misses you.
An orange demon comes into view.
You slice the demonic crawler!! You freeze the demonic crawler.
The demonic crawler is heavily wounded.
You slash the orange demon! You freeze the orange demon.
You slice the demonic crawler!! You freeze the demonic crawler.
You kill the demonic crawler!
Okawaru accepts your kill.
You slice the orange demon!! You freeze the orange demon.
You carve the orange demon like a ham!!!
You freeze the orange demon.
You kill the orange demon!
Okawaru accepts your kill.
There is a large open door here.
There is a large open door here.
There is a staircase leading out of the dungeon here.
You have escaped!

..≈..8..........8..≈.............
##≈.##############.≈.............
#≈8#≈≈≈≈≈#.≈≈.#.#8≈.............
#≈.#≈...≈#.≈≈.#.#.≈.............
#≈.#≈.#.≈#.§≈.#.#.≈.............
#≈8#≈.#.≈#§§§.#.#.≈.............
##≈.#≈.#.≈#§≈§§#.#.≈.............
#...'..#..'.§§§§.#.≈.............
....'..#..†..§.'@#.≈.............
##≈.#≈.#.≈#.§§§#.#.≈.............
#≈8#≈.#.≈#.≈§.#.#.≈.............
#≈.#≈.#.)#§§§§#.#.≈.............
##≈.#≈...≈#.≈§.#.#.≈.............
##≈8#≈≈≈≈≈#.≈§.#.#8≈.............
##≈.##############.≈.............
##≈..8..........8..≈.............
##≈≈≈≈≈≈≈≈≈≈≈≈≈≈≈≈≈≈.......).....


There were no monsters in sight!

Vanquished Creatures
  2 pandemonium lords
  Tiamat (Zot:2)
  3 orbs of fire (Zot:5)
  2 juggernauts (Depths:4)
  Mennas (Depths:5)
  Mara (Depths:3)
  6 ancient liches
  Boris (Depths:4)
  Xtahua (Vaults:5)
  9 Killer Klowns
  A caustic shrike (Depths:4)
  Bai Suzhen (Vaults:5)
  A curse toe (Zot:2)
  Saint Roka (Depths:5)
  Vashnia (Snake:2)
  18 golden dragons
  3 bone dragons
  A profane servitor (Crypt:3)
  the Enchantress (Depths:5)
  A Brimstone Fiend (D:6)
  3 Tzitzimimeh
  3 electric golems
  13 liches
  26 tentacled monstrosities
  26 Orb Guardians
  2 deep elf master archers (Elf:3)
  2 deep elf blademasters (Elf:3)
  Asterion (Depths:3)
  8 quicksilver dragons
  3 titans (Vaults:5)
  6 sphinxes
  4 ancient champions
  Polyphemus (Shoals:3)
  A kraken (Shoals:2)
  3 tentacled starspawn
  12 death cobs
  An Executioner (Abyss:5)
  Gastronok (D:9)
  Agnes (Elf:2)
  21 shadow dragons
  8 draconian monks
  Ilsuiw (Shoals:2)
  21 storm dragons
  A revenant (Crypt:3)
  8 tengu reavers
  21 vault wardens
  7 nagarajas
  An orc warlord (Orc:2)
  11 frost giants
  7 fire giants
  3 iron dragons
  6 deep elf sorcerers
  A balrug (Depths:2)
  6 draconian knights
  12 draconian scorchers
  6 ghouls
  4 draconian shifters
  4 ghost moths
  6 draconian stormcallers
  4 cacodemons
  3 deep elf elementalists
  Aizul (Elf:1)
  2 curse skulls
  8 draconian annihilators
  18 ironheart preservers
  2 entropy weavers
  2 war gargoyles
  A juggernaut skeleton (Depths:4)
  10 vampire knights
  8 green draconians
  4 spriggan defenders
  34 stone giants
  24 very ugly things
  Nessos (D:13)
  9 deep elf demonologists
  14 deep elf annihilators
  11 white draconians
  A lorocyproca (D:1)
  17 spark wasps
  16 purple draconians
  13 black draconians
  13 yellow draconians
  The ghost of azarias the Bludgeoner, a journeyman MiGl of Makhleb (D:12)
  Azrael (D:12)
  8 red draconians
  16 ettins
  The ghost of zhovat1 the Basher, a journeyman MiFi of Okawaru (Lair:3)
  14 deep elf death magi
  Snorg (Lair:6)
  5 eidola
  24 jiangshi
  8 merfolk impalers
  The ghost of xraymikek the Covert, a journeyman SpEn of Dithmenos (Lair:6)
  8 merfolk javelineers
  14 fire dragons
  8 deep elf high priests
  11 great orbs of eyes
  22 yaktaur captains
  15 ice dragons
  Harold (D:7)
  42 vault guards
  12 naga warriors (Snake:4)
  7 rakshasas
  6 hydras
  2 hell beasts (Depths:1)
  2 spriggan air magi (Depths:5)
  13 centaur warriors
  21 anacondas
  9 death knights
  A catoblepas (Shoals:3)
  26 ogre magi
  Erica (D:11)
  15 small abominations
  38 dancing weapons
  The ghost of davecave the Fighter, a novice MiFi of the Shining One (D:11)
  A merfolk avatar (Shoals:4)
  A spectral frost giant (Crypt:3)
  2 satyrs (Shoals:4)
  3 death yaks (Shoals:3)
  75 two-headed ogres
  An alligator snapping turtle (Shoals:4)
  7 deep troll shamans
  8 merfolk aquamancers
  4 hell hogs (Depths:4)
  5 tengu warriors
  5 spriggan berserkers
  7 deep troll earth magi
  A spectral dire elephant (Crypt:3)
  7 vampire magi
  4 orc high priests
  A thrashing horror (Abyss:3)
  12 hell knights
  A sun demon (Abyss:3)
  8 shock serpents
  3 iron trolls
  34 naga sharpshooters
  25 deep elf knights
  2 storm dragon zombies (Depths:4)
  2 soul eaters
  2 fire crabs (shapeshifter)
  11 shadow wraiths
  The ghost of MetaCrawl the Thaumaturge, a novice DEFE of Vehumet (D:10)
  A titan skeleton (Depths:4)
  A storm dragon skeleton (Crypt:3)
  A sea snake (shapeshifter) (Vaults:5)
  4 spriggans (Depths:5)
  8 salamander mystics
  48 skeletal warriors
  A sixfirhy (Zot:1)
  3 spectral anacondas (Depths:3)
  A spatial maelstrom (Abyss:3)
  4 death drakes
  19 deep trolls
  2 unseen horrors
  8 glowing orange brains
  An unseen horror (shapeshifter) (D:15)
  A swamp dragon (Zot:2)
  15 sea snakes
  12 flayed ghosts
  A deep troll (shapeshifter) (Vaults:5)
  21 ironbrand convokers
  6 naga ritualists
  7 wizards
  12 phantasmal warriors
  A tengu zombie (Depths:4)
  A golden dragon skeleton (Vaults:5)
  5 lindwurms
  11 necromancers
  21 deep elf archers
  2 wolf spiders (Vaults:1)
  27 orc knights
  A shadow dragon zombie (Depths:4)
  An iron dragon zombie (Depths:4)
  A sphinx zombie (Vaults:3)
  13 mana vipers
  An oklob plant (D:13)
  41 harpies
  An orb spider (shapeshifter) (Vaults:1)
  A shadow dragon skeleton (Crypt:1)
  7 cyclopes
  58 deep elf magi
  A mana viper (shapeshifter) (Depths:2)
  12 orc sorcerers
  11 manticores
  A sphinx skeleton (Vaults:3)
  A manticore (shapeshifter) (Vaults:2)
  12 fauns
  14 salamanders
  A shining eye (Vaults:5)
  62 ugly things
  2 frost giant skeletons (Crypt:1)
  2 salamanders (shapeshifter)
  7 guardian serpents (Snake:4)
  23 moths of wrath
  2 fire giant skeletons
  A guardian serpent (shapeshifter) (Vaults:5)
  33 black mambas
  An apocalypse crab (Abyss:3)
  12 merfolk sirens
  A rust devil (Zot:5)
  29 naga magi
  2 smoke demons (D:4)
  A gargoyle (D:12)
  2 iron dragon skeletons (Depths:4)
  24 vault sentinels
  9 water nymphs
  5 orange demons
  25 spiny frogs
  4 centaur skeletons
  A redback zombie (Crypt:2)
  4 rime drakes
  3 efreet
  A green draconian zombie (Crypt:1)
  A yaktaur (shapeshifter) (Vaults:1)
  2 kobold demonologists (D:11)
  A demonic crawler (D:1)
  13 freezing wraiths
  5 komodo dragons
  An ice devil (Depths:1)
  3 komodo dragons (shapeshifter)
  63 yaktaurs
  5 hellwings
  An ancient zyme (Abyss:3)
  A red devil (D:1)
  3 tengu conjurers
  3 spectral merfolk (Depths:3)
  A harpy zombie (D:14)
  A queen bee (shapeshifter) (D:15)
  7 trolls
  A merfolk (shapeshifter) (Depths:5)
  3 meliai (D:13)
  A pale draconian skeleton (Crypt:1)
  33 merfolk
  32 blink frogs
  A wind drake (shapeshifter) (Vaults:1)
  48 slime creatures
  3 tyrant leeches (Lair:6)
  8 hornets
  A raiju (shapeshifter) (Depths:1)
  11 hippogriffs
  2 bog bodies (Crypt:2)
  4 dream sheep (Shoals:2)
  3 wind drakes
  A dream sheep (shapeshifter) (Vaults:5)
  2 hippogriffs (shapeshifter)
  5 snapping turtles
  A frost giant simulacrum (Vaults:5)
  10 raiju
  A spriggan (shapeshifter) (Depths:2)
  4 ynoxinuls
  3 wyverns
  55 flying skulls
  3 air elementals (Elf:1)
  3 tarantellas (shapeshifter)
  5 redbacks
  10 starcursed masses
  14 shadows
  37 yaks
  2 basilisks (shapeshifter)
  6 fire bats (Abyss:5)
  2 vampires
  16 wraiths
  24 water elementals
  A steam dragon (Lair:2)
  8 chaos spawn
  6 fire elementals
  Grum (D:8)
  3 golden eyes (Zot:5)
  3 elf skeletons (Depths:4)
  2 neqoxecs
  6 vampire mosquitoes (Lair:6)
  An infernal demonspawn zombie (Crypt:2)
  20 wargs
  A wind drake skeleton (Crypt:2)
  4 hungry ghosts
  20 large abominations
  Menkaure (D:4)
  A spatial vortex (Abyss:5)
  An acid dragon (shapeshifter) (Elf:2)
  44 nagas
  10 water moccasins
  A hydra simulacrum (Crypt:3)
  17 hell hounds
  A soldier ant (D:11)
  9 acid dragons
  15 porcupines
  A torturous demonspawn skeleton (Crypt:2)
  A floating eye (Depths:3)
  54 orc warriors
  A floating eye (shapeshifter) (Vaults:5)
  3 spectral trolls (Depths:3)
  4 ice beasts
  2 spectral spriggans (Depths:3)
  An eye of draining (D:11)
  3 black bears
  9 necrophages
  41 ogres
  2 phantoms (D:5)
  3 boggarts (Depths:3)
  15 wolves
  14 centaurs
  A crocodile (shapeshifter) (Vaults:5)
  7 crocodiles
  A fire crab zombie (Crypt:2)
  2 gnoll sergeants
  10 big kobolds
  A wyvern zombie (D:13)
  26 bullfrogs
  3 human zombies
  2 earth elementals
  A glowing shapeshifter simulacrum (Vaults:2)
  A merfolk simulacrum (Depths:3)
  A scorpion (shapeshifter) (Vaults:4)
  5 scorpions
  4 spectral ogres (Depths:3)
  9 killer bees
  2 spectral nagas (Depths:3)
  An oklob sapling (D:13)
  7 wights
  3 electric eels
  2 howler monkeys (D:11)
  A spectral centaur (Depths:3)
  6 crimson imps
  2 bullfrog zombies
  8 hounds
  2 human simulacra
  A quasit (D:12)
  5 centaur zombies
  6 jellies
  Crazy Yiuf (D:6)
  30 orc priests
  An iron imp (Depths:5)
  2 bullfrog skeletons
  A human skeleton (Crypt:1)
  4 iguanas
  35 orc wizards
  6 worker ants
  A killer bee zombie (D:10)
  A deep dwarf zombie (Crypt:2)
  2 tengu skeletons
  A howler monkey skeleton (D:9)
  11 gnolls
  A naga simulacrum (Depths:3)
  15 adders
  A shadow imp (D:6)
  6 oozes
  A halfling zombie (Crypt:2)
  An adder skeleton (D:5)
  A lava snake skeleton (Crypt:2)
  2 worms (D:2)
  4 dart slugs
  5 leopard geckos
  106 orcs
  8 ball pythons
  5 bats
  3 giant cockroaches
  4 goblins
  8 hobgoblins
  5 jackals
  17 kobolds
  7 quokkas
  8 frilled lizards
  A goblin skeleton (Crypt:1)
  A hobgoblin zombie (Crypt:2)
  A leopard gecko skeleton (D:4)
  A leopard gecko zombie (D:5)
  3 rats
  A river rat zombie (Crypt:1)
  6 crawling corpses
  3 fungi (Lair:6)
  A lurking horror (Abyss:3)
  16 plants
  5 starspawn tentacles (Abyss:3)
  2 tentacles (Shoals:2)
3072 creatures vanquished.

Vanquished Creatures (collateral kills)
  An Orb Guardian (Zot:5)
  A ghoul (Crypt:2)
  A white draconian (Zot:5)
  An eidolon (Crypt:2)
4 creatures vanquished.

Vanquished Creatures (others)
  A storm dragon (Zot:5)
  A fire giant (Depths:3)
  A very ugly thing (Depths:1)
  A vampire mage (Depths:4)
  A deep elf mage (Elf:3)
  A human (shapeshifter) (Depths:2)
  An orc warrior (Orc:2)
  A bullfrog (D:12)
  2 orcs
  25 bushes
  26 fungi
  53 plants
  6 starspawn tentacles
  6 tentacles (Shoals:2)
126 creatures vanquished.

Grand Total: 3202 creatures vanquished

Notes
Turn   | Place    | Note
-------+----------+-------------------------------------------
     0 | D:1      | davecave the Minotaur Fighter began the quest for the Orb.
     0 | D:1      | Reached XP level 1. HP: 19/19 MP: 0/0
    95 | D:1      | Reached skill level 4 in Fighting
   117 | D:1      | Reached XP level 2. HP: 25/28 MP: 1/1
   251 | D:1      | Reached skill level 5 in Fighting
   303 | D:1      | Reached XP level 3. HP: 36/36 MP: 2/2
   743 | D:2      | Found a glowing golden altar of the Shining One.
  1740 | D:3      | Found a stormy altar of Qazlal.
  1755 | D:3      | Reached XP level 4. HP: 41/44 MP: 3/3
  1756 | D:3      | Reached skill level 6 in Fighting
  1918 | D:3      | Found a hazy altar of Hepliaklqana.
  1925 | D:3      | Found an iron altar of Okawaru.
  1931 | D:3      | Found a radiant altar of Vehumet.
  1943 | D:3      | Became a worshipper of Warmaster Okawaru
  2202 | D:3      | Noticed an air elemental
  2205 | D:3      | Noticed an earth elemental
  2205 | D:3      | Noticed a fire elemental
  2205 | D:3      | Noticed a water elemental
  2489 | D:4      | Got a fine helmet
  2518 | D:4      | Got a fine hand axe
  2519 | D:4      | Identified the +11 hand axe "Nadur" {antimagic, MR+ Dex+3}
                  | (You found it on level 4 of the Dungeon)
  2897 | D:4      | Noticed Menkaure
  2901 | D:4      | Killed Menkaure
  2901 | D:4      | Reached * piety under Okawaru
  2901 | D:4      | Reached skill level 5 in Axes
  2901 | D:4      | Reached XP level 5. HP: 50/50 MP: 1/4
  2962 | D:4      | Found a shadowy altar of Dithmenos.
  3030 | D:4      | Reached XP level 6. HP: 57/57 MP: 1/5
  3247 | D:5      | Entered Level 5 of the Dungeon
  3307 | D:5      | Found a stormy altar of Qazlal.
  3376 | D:5      | Got a bloodstained leather armour
  3393 | D:5      | Identified the +1 leather armour of Ekausedo {Int+4 Dex+5}
                  | (You found it on level 5 of the Dungeon)
  3437 | D:5      | Found a staircase to the Ecumenical Temple.
  3635 | D:5      | Found an ancient bone altar of Kikubaaqudgha.
  3746 | D:5      | Reached XP level 7. HP: 62/63 MP: 2/6
  3757 | D:5      | Reached ** piety under Okawaru
  3772 | D:5      | Noticed a hippogriff
  3778 | D:5      | Killed a hippogriff
  3826 | D:5      | Found an opulent altar of Gozag.
  3827 | D:5      | Found a glowing silver altar of Zin.
  4514 | D:6      | Reached skill level 10 in Axes
  4514 | D:6      | Reached XP level 8. HP: 56/70 MP: 0/7
  4626 | D:6      | Found a runed translucent door.
  4627 | D:6      | Noticed Crazy Yiuf
  4634 | D:6      | Killed Crazy Yiuf
  4743 | D:7      | Reached *** piety under Okawaru
  4778 | D:7      | Reached skill level 5 in Armour
  4810 | D:7      | Reached skill level 5 in Shields
  5060 | D:7      | Noticed Harold
  5094 | D:7      | Killed Harold
  5094 | D:7      | Reached XP level 9. HP: 19/75 MP: 0/8
  5846 | D:8      | Reached **** piety under Okawaru
  5881 | D:8      | Noticed a two-headed ogre
  5944 | D:8      | Killed a two-headed ogre
  5960 | D:8      | Reached skill level 10 in Armour
  5961 | D:8      | Found a staircase to the Lair.
  5966 | D:8      | Noticed Grum
  5984 | D:8      | Reached XP level 10. HP: 57/83 MP: 0/9
  5991 | D:8      | Killed Grum
  6475 | D:8      | Reached ***** piety under Okawaru
  6595 | D:8      | Reached skill level 10 in Shields
  7325 | D:9      | Noticed Gastronok
  7343 | D:9      | Reached skill level 7 in Fighting
  7363 | D:9      | Killed Gastronok
  7363 | D:9      | Received a gift from Okawaru
  7363 | D:9      | Reached skill level 10 in Fighting
  7796 | D:9      | Noticed a two-headed ogre
  7802 | D:9      | Killed a two-headed ogre
  7802 | D:9      | Reached ****** piety under Okawaru
  7802 | D:9      | Reached XP level 11. HP: 79/99 MP: 1/10
  7821 | D:9      | Noticed a two-headed ogre
  7827 | D:9      | Killed a two-headed ogre
  8059 | D:9      | Received a gift from Okawaru
  8062 | D:9      | Got a faintly humming shield {god gift}
  8073 | D:9      | Identified the +0 shield "Bikech" {rC+ Stlth+} (Okawaru
                  | gifted it to you on level 9 of the Dungeon)
  8270 | D:9      | Found a shimmering altar of Xom.
  8622 | D:10     | Entered Level 10 of the Dungeon
  9016 | D:10     | Found a runed translucent door.
  9016 | D:10     | Found a shimmering altar of Xom.
  9016 | D:10     | Noticed MetaCrawl's ghost (novice DEFE)
  9017 | D:10     | Noticed a +2 mace of chaos
  9025 | D:10     | Killed a +2 mace of chaos
  9039 | D:10     | Killed MetaCrawl's ghost
  9094 | D:10     | Found a staircase to the Orcish Mines.
  9369 | D:11     | Got a vibrating amethyst amulet
  9380 | D:11     | Found a runed translucent gate.
  9381 | D:11     | Found a runed translucent gate.
  9382 | D:11     | Found a runed translucent gate.
  9382 | D:11     | Noticed davecave's ghost (novice MiFi)
  9383 | D:11     | Found Baenal's Book Boutique.
  9503 | D:11     | Found Daepylol's Distillery.
  9512 | D:11     | Bought a potion of heal wounds for 65 gold pieces
  9584 | D:11     | Found Hoaw's Antique Armour Shoppe.
  9598 | D:11     | Bought a spiked chain mail for 313 gold pieces
  9608 | D:11     | Identified the +1 chain mail of Somewhere Else {rN+ Str+2
                  | Int+4} (You bought it in a shop on level 11 of the Dungeon)
  9752 | D:11     | Found Ohaev's Distillery.
  9993 | D:11     | Reached skill level 1 in Invocations
 10342 | D:11     | Identified the cursed +2 dagger "Qaanlijo" {chaos, rF+
                  | Int+4 Dex-2}
 10423 | D:11     | Noticed Erica
 10438 | D:11     | Killed Erica
 10442 | D:11     | Received a gift from Okawaru
 10492 | D:11     | Identified the amulet of Zidghor {Faith rElec Slay+4} (You
                  | found it on level 11 of the Dungeon)
 10762 | D:11     | Killed davecave's ghost
 10762 | D:11     | Reached skill level 5 in Invocations
 10762 | D:11     | Reached XP level 12. HP: 86/106 MP: 3/14
 11003 | Temple   | Entered the Ecumenical Temple
 11020 | Temple   | Gained mutation: Scrolls take you a little longer to read.
                  | [potion of mutation]
 11020 | Temple   | Gained mutation: Scrolls take you longer to read. [potion
                  | of mutation]
 11020 | Temple   | Gained mutation: You are agile. (Dex +2) [potion of
                  | mutation]
 11020 | Temple   | Gained mutation: You are somewhat resistant to further
                  | mutation. [potion of mutation]
 11168 | Lair:1   | Entered Level 1 of the Lair of Beasts
 11361 | Lair:1   | Reached skill level 1 in Evocations
 11662 | Lair:1   | You fall through a shaft!
 11678 | Lair:2   | Received a gift from Okawaru
 12343 | Lair:2   | Reached skill level 5 in Evocations
 13152 | Lair:3   | Received a gift from Okawaru
 13225 | Lair:3   | Found a staircase to the Shoals.
 13387 | Lair:3   | Found a staircase to the Snake Pit.
 13453 | Lair:3   | Found a large runed translucent door.
 13453 | Lair:3   | Found a large runed translucent door.
 13457 | Lair:3   | Noticed zhovat1's ghost (journeyman MiFi)
 13692 | Lair:3   | Killed zhovat1's ghost
 14671 | Lair:4   | Reached XP level 13. HP: 112/113 MP: 6/18
 14872 | Lair:5   | Received a gift from Okawaru
 15196 | Lair:5   | Got a pair of polished boots {god gift}
 15207 | Lair:5   | Identified the +0 pair of boots "Movuer" {Stlth+} (Okawaru
                  | gifted it to you on level 5 of the Lair of Beasts)
 15919 | Lair:5   | Lost mutation: Scrolls take you longer to read. [potion of
                  | mutation]
 15919 | Lair:5   | Lost mutation: Scrolls take you a little longer to read.
                  | [potion of mutation]
 15919 | Lair:5   | Gained mutation: Your body sometimes deteriorates upon
                  | taking damage. [potion of mutation]
 15990 | Lair:6   | Entered Level 6 of the Lair of Beasts
 16047 | Lair:6   | Reached skill level 11 in Fighting
 16190 | Lair:6   | Received a gift from Okawaru
 16692 | Lair:6   | Noticed Snorg
 16823 | Lair:6   | Killed Snorg
 16823 | Lair:6   | Reached skill level 12 in Fighting
 17082 | Lair:6   | Found a staircase to the Slime Pits.
 17090 | Lair:6   | Reached XP level 14. HP: 124/127 MP: 6/19
 17118 | Lair:6   | Found a runed translucent door.
 17119 | Lair:6   | Found a shimmering altar of Xom.
 17119 | Lair:6   | Noticed xraymikek's ghost (journeyman SpEn)
 17175 | Lair:6   | Killed xraymikek's ghost
 17186 | Lair:6   | Received a gift from Okawaru
 17526 | Lair:6   | Reached skill level 13 in Fighting
 18610 | Orc:1    | Entered Level 1 of the Orcish Mines
 18861 | Orc:2    | Entered Level 2 of the Orcish Mines
 18909 | Orc:2    | Found a staircase to the Elven Halls.
 19605 | Orc:2    | Found Biezawne's Armour Shop.
 19620 | Orc:2    | Found Rael's Weapon Emporium.
 19699 | Orc:2    | Noticed an orc warlord
 19724 | Orc:2    | Killed an orc warlord
 19724 | Orc:2    | Reached skill level 14 in Fighting
 19727 | Orc:2    | Received a gift from Okawaru
 19745 | Orc:2    | Reached skill level 10 in Evocations
 19750 | Orc:2    | Got a crude broad axe {god gift}
 19876 | Orc:2    | Identified the +8 broad axe "Hupuam" {elec, Fragile Int+3}
                  | (Okawaru gifted it to you on level 2 of the Orcish Mines)
 20807 | Orc:2    | Found Caullem's General Store.
 20817 | Orc:2    | Found Reth's Antique Armour Shoppe.
 20822 | Orc:2    | Found Guxu's Weapon Shoppe.
 20824 | Orc:2    | Found Hukkiufe's Distillery.
 20945 | Orc:2    | Bought a potion of heal wounds for 65 gold pieces
 20945 | Orc:2    | Bought a potion of haste for 130 gold pieces
 20945 | Orc:2    | Bought a potion of might for 52 gold pieces
 20945 | Orc:2    | Bought a potion of haste for 130 gold pieces
 20945 | Orc:2    | Bought a potion of heal wounds for 65 gold pieces
 21212 | Orc:1    | Reached skill level 15 in Fighting
 21232 | Orc:1    | Received a gift from Okawaru
 21241 | Orc:1    | Got a pitted plate armour {god gift}
 21269 | Orc:1    | Identified the +1 plate armour "Biaxenk" {rPois rN++
                  | Stlth+} (Okawaru gifted it to you on level 1 of the Orcish
                  | Mines)
 21473 | Orc:2    | Bought a +2 broad axe of flaming for 268 gold pieces
 21546 | D:12     | Got a scorched silver ring
 21612 | D:12     | Noticed Azrael
 21645 | D:12     | Killed Azrael
 21827 | D:12     | Found a flagged portal.
 21838 | Bailey   | Entered a bailey
 21845 | Bailey   | Identified the ring "Kijet" {+Inv rN++ Str+6 Int+3} (You
                  | found it on level 12 of the Dungeon)
 22487 | D:12     | Found a large runed translucent door.
 22487 | D:12     | Found a large runed translucent door.
 22488 | D:12     | Noticed azarias's ghost (journeyman MiGl)
 22506 | D:12     | Killed azarias's ghost
 23288 | D:13     | Noticed Nessos
 23306 | D:13     | Killed Nessos
 23306 | D:13     | Reached XP level 15. HP: 80/141 MP: 7/21
 23668 | D:13     | Found Joijauso's Magic Scroll Shop.
 23675 | D:13     | Bought a scroll of identify for 30 gold pieces
 23675 | D:13     | Bought a scroll of identify for 30 gold pieces
 23675 | D:13     | Bought a scroll of identify for 30 gold pieces
 23675 | D:13     | Bought a scroll of identify for 30 gold pieces
 23675 | D:13     | Bought a scroll of magic mapping for 52 gold pieces
 24580 | D:13     | Paralysed by a hornet for 3 turns
 24940 | D:14     | Received a gift from Okawaru
 25599 | D:14     | Found a gate to the Vaults.
 25628 | D:14     | Reached skill level 15 in Shields
 25974 | D:15     | Entered Level 15 of the Dungeon
 26015 | D:15     | Received a gift from Okawaru
 26296 | D:15     | Found Colo's General Store.
 26300 | D:15     | Bought a potion of might for 60 gold pieces
 26388 | D:15     | Found a staircase to the Depths.
 26648 | D:15     | Received a gift from Okawaru
 26889 | D:15     | Got an iridescent war axe {god gift}
 26901 | D:15     | Identified the +8 war axe "Qazeemp" {antimagic, *Noise rF++
                  | Stlth+} (Okawaru gifted it to you on level 15 of the
                  | Dungeon)
 27077 | D:15     | Reached XP level 16. HP: 149/149 MP: 6/22
 27571 | D:15     | Got a spiked scale mail {god gift}
 27575 | D:15     | Identified the +0 scale mail of the Elven Halls {rF+ Dex+3}
                  | (Okawaru gifted it to you on level 15 of the Dungeon)
 28272 | D:11     | Bought a potion of heal wounds for 80 gold pieces
 28272 | D:11     | Bought a potion of heal wounds for 80 gold pieces
 28620 | D:13     | Bought a scroll of acquirement for 780 gold pieces
 29022 | Snake:1  | Entered Level 1 of the Snake Pit
 29081 | Snake:1  | Reached skill level 15 in Axes
 29450 | Snake:1  | Reached skill level 16 in Fighting
 30050 | Snake:2  | Received a gift from Okawaru
 30052 | Snake:2  | Noticed Vashnia
 30072 | Snake:2  | Killed Vashnia
 30499 | Snake:2  | Got a faintly humming hat {god gift}
 30931 | Snake:2  | Found Rupefauw's Weapon Shop.
 31427 | Snake:3  | Identified the +1 hat of Incorporation {rPois rF+ Stlth+}
                  | (Okawaru gifted it to you on level 2 of the Snake Pit)
 31443 | Snake:3  | Reached skill level 15 in Armour
 31632 | Snake:3  | Found Norghed's Antique Weapon Boutique.
 31765 | Snake:3  | Reached skill level 17 in Fighting
 31771 | Snake:3  | Received a gift from Okawaru
 31802 | Snake:3  | Reached XP level 17. HP: 124/161 MP: 7/23
 32393 | Snake:3  | Bought an ancient morningstar for 387 gold pieces
 32393 | Snake:3  | Identified the +5 morningstar of Zin's Approval {venom, rN+
                  | Str+2 Dex+3} (You bought it in a shop on level 3 of the
                  | Snake Pit)
 32454 | Snake:4  | Entered Level 4 of the Snake Pit
 33215 | Snake:4  | Received a gift from Okawaru
 33305 | Snake:4  | Found Xeifon's General Store.
 33873 | Snake:4  | Reached skill level 18 in Fighting
 34066 | Snake:4  | Received a gift from Okawaru
 34324 | Snake:4  | Received a gift from Okawaru
 34791 | Snake:4  | Received a gift from Okawaru
 34797 | Snake:4  | Reached XP level 18. HP: 136/173 MP: 5/24
 35037 | Snake:4  | Got a serpentine rune of Zot
 35698 | Shoals:1 | Entered Level 1 of the Shoals
 36308 | Shoals:1 | Received a gift from Okawaru
 36327 | Shoals:1 | Reached skill level 19 in Fighting
 36860 | Shoals:2 | Got a slimy ring mail
 37499 | Shoals:3 | Noticed Ilsuiw
 37577 | Shoals:2 | Killed Ilsuiw
 37836 | Shoals:3 | Noticed Polyphemus
 37838 | Shoals:3 | Received a gift from Okawaru
 38465 | Shoals:3 | Killed Polyphemus
 38846 | Shoals:4 | Entered Level 4 of the Shoals
 38862 | Shoals:4 | Identified the +2 ring mail of Articulation {*Slow rC++ rN+
                  | Str-3} (You found it on level 2 of the Shoals)
 39429 | Shoals:4 | Received a gift from Okawaru
 39601 | Shoals:4 | Reached XP level 19. HP: 183/183 MP: 9/28
 39689 | Shoals:4 | Identified the +9 shortbow of Jeob {flame, rN+ Int+4}
 40273 | Shoals:4 | Received a gift from Okawaru
 40315 | Shoals:4 | Received a gift from Okawaru
 40345 | Shoals:4 | Got a polished hand axe {god gift}
 40577 | Shoals:4 | Got a barnacled rune of Zot
 40601 | Shoals:4 | Identified the +9 hand axe of Velargh {chop, +Inv rPois
                  | Str+2} (Okawaru gifted it to you on level 4 of the Shoals)
 40794 | Shoals:4 | Identified the Tome of Poisoning
 41492 | Elf:1    | Entered Level 1 of the Elven Halls
 41652 | Elf:1    | Reached skill level 15 in Evocations
 42099 | Elf:1    | Received a gift from Okawaru
 42189 | Elf:1    | Noticed Aizul
 42197 | Elf:1    | Killed Aizul
 42235 | Elf:2    | Found Guawkype's Assorted Antiques.
 42899 | Elf:2    | Found a large runed translucent door.
 42899 | Elf:2    | Found a large runed translucent door.
 42920 | Elf:2    | Received a gift from Okawaru
 42928 | Elf:2    | Found a large runed translucent door.
 42928 | Elf:2    | Found a large runed translucent door.
 44096 | Elf:2    | Reached skill level 1 in Dodging
 44133 | Elf:2    | Noticed Agnes
 44143 | Elf:2    | Killed Agnes
 44394 | Elf:2    | Reached skill level 5 in Dodging
 44419 | Elf:2    | Reached XP level 20. HP: 184/191 MP: 31/31
 44551 | Elf:3    | Entered Level 3 of the Elven Halls
 44723 | Elf:3    | Found a deep blue altar of Sif Muna.
 45784 | Elf:3    | Identified the cursed +0 shortbow of Conformity {velocity,
                  | Int+4 Dex+4}
 45785 | Elf:3    | Identified the +1 war axe of the Coward {flame, rC+ Str+3}
 45879 | Elf:3    | Received a gift from Okawaru
 46261 | Elf:3    | Reached skill level 10 in Dodging
 46689 | Elf:3    | Identified Sif Muna's Papyrus of Translocation
 46709 | Elf:3    | Got a distressingly furry chain mail
 46794 | Elf:3    | Got a warped scale mail
 46822 | Elf:3    | Identified the cursed +0 chain mail "Gemizanu" {+Fly
                  | Regen+} (You found it on level 3 of the Elven Halls)
 46825 | Elf:3    | Identified the +8 scale mail "Udit" {rN+} (You found it on
                  | level 3 of the Elven Halls)
 47784 | D:13     | Bought a scroll of acquirement for 780 gold pieces
 47784 | D:13     | Bought a scroll of holy word for 112 gold pieces
 48369 | Vaults:1 | Entered Level 1 of the Vaults
 48456 | Vaults:1 | Received a gift from Okawaru
 48964 | Vaults:1 | Reached XP level 21. HP: 159/196 MP: 32/32
 49640 | Vaults:1 | Found Nano's Antique Armour Emporium.
 49806 | Vaults:1 | Got a dazzling scale mail
 49812 | Vaults:1 | Received a gift from Okawaru
 49817 | Vaults:1 | Got a twisted trident {god gift}
 51669 | Vaults:2 | Paralysed by a sphinx for 4 turns
 52062 | Vaults:3 | Received a gift from Okawaru
 52312 | Vaults:3 | Identified the +2 trident of Topi {freeze, Dex+4} (Okawaru
                  | gifted it to you on level 1 of the Vaults)
 52320 | Vaults:3 | Identified the +7 scale mail of Vehumet's Castigation {rF-
                  | Int+8 Dex+3} (You found it on level 1 of the Vaults)
 52463 | Vaults:3 | Found a staircase to the Crypt.
 52555 | Vaults:3 | Found Edocwaf's Magic Scroll Shop.
 52557 | Vaults:3 | Found a portal to a secret trove of treasure.
 52703 | Vaults:3 | Reached XP level 22. HP: 194/203 MP: 33/33
 53143 | Vaults:3 | Found Jibbovaq's Gadget Shoppe.
 53165 | Vaults:3 | Received a gift from Okawaru
 53293 | Vaults:3 | Received a gift from Okawaru
 53829 | Vaults:3 | Bought 3 scrolls of magic mapping for 136 gold pieces
 53829 | Vaults:3 | Bought a scroll of enchant weapon for 97 gold pieces
 53829 | Vaults:3 | Bought a scroll of enchant armour for 97 gold pieces
 53829 | Vaults:3 | Bought a scroll of identify for 26 gold pieces
 55416 | Vaults:4 | Received a gift from Okawaru
 55423 | Vaults:4 | Reached skill level 20 in Fighting
 55837 | Vaults:4 | Got a jewelled large shield {god gift}
 56021 | Vaults:4 | Identified the +1 large shield of the Spheres {Dex+3}
                  | (Okawaru gifted it to you on level 4 of the Vaults)
 56491 | Vaults:4 | Reached XP level 23. HP: 210/215 MP: 27/34
 56570 | Vaults:4 | Reached skill level 21 in Fighting
 57693 | D:15     | Bought a ration for 75 gold pieces
 57693 | D:15     | Bought a ration for 75 gold pieces
 57693 | D:15     | Bought a ration for 75 gold pieces
 57740 | Depths:1 | Entered Level 1 of the Depths
 57796 | Depths:1 | Found a one-way gate leading to the halls of Pandemonium.
 57878 | Depths:1 | Got a vibrating bronze ring
 57900 | Depths:1 | Found a gateway to Hell.
 57943 | Depths:1 | Received a gift from Okawaru
 59019 | Depths:2 | Received a gift from Okawaru
 59181 | Depths:2 | You fall through a shaft for 2 floors!
 59214 | Depths:4 | Reached skill level 22 in Fighting
 59367 | Depths:4 | Found a one-way gate to the infinite horrors of the Abyss.
 59484 | Depths:4 | Received a gift from Okawaru
 59537 | Depths:4 | Identified a +2 pair of boots of running (You found it on
                  | level 2 of the Depths)
 59539 | Depths:4 | Identified the ring "Wibuuh" {Fire Dex+4} (You found it on
                  | level 1 of the Depths)
 59653 | Depths:4 | Found a gateway to a ziggurat.
 59697 | Depths:4 | Noticed an ancient lich
 59713 | Depths:4 | Killed an ancient lich
 59713 | Depths:4 | Reached XP level 24. HP: 166/230 MP: 29/34
 59735 | Depths:4 | Received a gift from Okawaru
 59776 | Depths:4 | Identified the Papyrus of Necromancy
 59948 | Depths:4 | Got a slimy scimitar
 60057 | Depths:4 | Noticed a juggernaut
 60079 | Depths:4 | Killed a juggernaut
 60082 | Depths:4 | Reached skill level 23 in Fighting
 60110 | Depths:4 | Noticed Boris
 60161 | Depths:4 | Found the +8 arc blade {discharge, rElec}
 60182 | Depths:4 | Killed Boris
 60254 | Depths:4 | Noticed a juggernaut
 60262 | Depths:4 | Killed a juggernaut
 60621 | Depths:2 | Received a gift from Okawaru
 60660 | Depths:2 | Got a bloodstained scale mail {god gift}
 61469 | Depths:3 | Identified the +6 scale mail "Varesev" {*Drain Int+7}
                  | (Okawaru gifted it to you on level 2 of the Depths)
 61544 | Depths:3 | Noticed Mara
 61552 | Depths:3 | Noticed davecave's illusion
 61555 | Depths:3 | Killed Mara
 61555 | Depths:3 | Reached skill level 15 in Dodging
 61559 | Depths:3 | You fall through a shaft!
 61756 | Depths:3 | Noticed Asterion
 61774 | Depths:3 | Killed Asterion
 63389 | Depths:3 | Paralysed by a floating eye for 4 turns
 63562 | Depths:5 | Entered Level 5 of the Depths
 63571 | Depths:5 | Noticed Mennas
 63583 | Depths:5 | Killed Mennas
 63583 | Depths:5 | Reached XP level 25. HP: 219/240 MP: 29/34
 63594 | Depths:5 | Reached skill level 10 in Invocations
 63676 | Depths:5 | Identified the +4 faerie dragon scales {rN++ rCorr Clar}
 63676 | Depths:5 | Noticed the Enchantress
 63691 | Depths:5 | Killed the Enchantress
 63762 | Depths:5 | Found a gate to the Realm of Zot.
 63769 | Depths:5 | Received a gift from Okawaru
 64012 | Depths:5 | Cast into level 3 of the Abyss (a deep elf sorcerer)
 64379 | Abyss:3  | Received a gift from Okawaru
 64383 | Depths:5 | Escaped the Abyss
 64431 | Depths:5 | Found Xeag's Antique Weapon Shoppe.
 64708 | Depths:5 | Found Foog Ruiwk's Gadget Shop.
 64714 | Depths:5 | Found Kipsallu's Jewellery Shoppe.
 64716 | Depths:5 | Found Bacey's Gadget Shop.
 64990 | Depths:5 | Noticed Saint Roka
 65003 | Depths:5 | Killed Saint Roka
 65242 | Depths:5 | Received a gift from Okawaru
 65742 | Temple   | Got a pair of crude boots
 65750 | Temple   | Identified the +0 pair of boots "Sosaack" {SInv} (You
                  | acquired it in the Ecumenical Temple)
 66247 | Crypt:1  | Entered Level 1 of the Crypt
 66954 | Crypt:2  | Received a gift from Okawaru
 67492 | Crypt:2  | Reached XP level 26. HP: 249/249 MP: 34/34
 67499 | Crypt:2  | Received a gift from Okawaru
 67534 | Crypt:3  | Entered Level 3 of the Crypt
 67573 | Crypt:3  | Identified the Disquisition on Earthen Necromancy
 67753 | Crypt:3  | Found a basalt altar of Yredelemnul.
 67783 | Crypt:3  | Got an ominously black robe
 68347 | Crypt:3  | Got a warped golden ring
 68353 | Crypt:3  | Identified the ring of the Six Wishes {rCorr +Fly rC+
                  | Str+6} (You found it on level 3 of the Crypt)
 68354 | Crypt:3  | Identified the cursed +1 robe "Vuplua" {rC- rCorr Int+5}
                  | (You found it on level 3 of the Crypt)
 68524 | Crypt:3  | Found a staircase to the Tomb.
 68578 | Crypt:3  | Got a bound granite ring
 68578 | Crypt:3  | Got a fine steel ring
 68929 | Vaults:5 | Entered Level 5 of the Vaults
 68962 | Vaults:5 | Received a gift from Okawaru
 69140 | Vaults:5 | Noticed Xtahua
 69148 | Vaults:5 | Killed Xtahua
 69239 | Vaults:5 | Identified the ring "Voemmur" {Wiz rN+}
 69308 | Vaults:5 | Reached XP level 27. HP: 170/255 MP: 29/34
 69311 | Vaults:5 | Received a gift from Okawaru
 69631 | Vaults:5 | Identified the ring "Jykoc" {rPois rN+} (You found it on
                  | level 3 of the Crypt)
 69633 | Vaults:5 | Identified the ring "Lovoch" {rF++ rN+ MP-9 Str+2 Slay+3}
                  | (You found it on level 3 of the Crypt)
 69728 | Vaults:5 | Got a smoking robe {god gift}
 69729 | Vaults:5 | Identified the +2 robe of Hera {rF+ rN+ Int+3} (Okawaru
                  | gifted it to you on level 5 of the Vaults)
 69861 | Vaults:5 | Got a silver rune of Zot
 70319 | Vaults:5 | Reached skill level 24 in Fighting
 70367 | Vaults:5 | Noticed Bai Suzhen
 70467 | Vaults:5 | Killed Bai Suzhen
 70472 | Vaults:5 | Identified the ring "Gagiaf" {rCorr rC+++ MR- Int+3 Dex+3}
 70562 | Vaults:5 | Got an ichor-stained dagger
 70631 | Vaults:5 | Noticed an ancient lich
 70642 | Vaults:5 | Cast into level 5 of the Abyss (an ancient lich)
 70642 | Abyss:5  | Entered Level 5 of the Abyss
 70642 | Abyss:5  | Entered Level 5 of the Abyss
 70795 | Abyss:5  | Reached skill level 25 in Fighting
 70804 | Abyss:5  | Paralysed by accursed screaming for 2 turns
 70856 | Vaults:5 | Escaped the Abyss
 70880 | Vaults:5 | Cast into level 5 of the Abyss (an ancient lich)
 70880 | Abyss:5  | Entered Level 5 of the Abyss
 70927 | Abyss:5  | Received a gift from Okawaru
 70929 | Vaults:5 | Escaped the Abyss
 70936 | Vaults:5 | Killed an ancient lich
 71248 | Vaults:5 | Identified A Thorough Guide to Spellcasting
 71256 | Vaults:5 | Identified the +10 dagger "Grim" {freeze, Int+5} (You found
                  | it on level 5 of the Vaults)
 71258 | Vaults:5 | Got a smoking glaive
 71259 | Vaults:5 | Identified the +4 glaive of Action {venom, *Drain +Blink
                  | rN++ Stlth+} (You found it on level 5 of the Vaults)
 71276 | Vaults:5 | Reached skill level 26 in Fighting
 71914 | Vaults:5 | Found the ring of Phasing {EV+8}
 72669 | Temple   | Got a topaz-encrusted plate armour
 72680 | Temple   | Identified the +4 plate armour of Indemnity {+Fly rF++}
                  | (You acquired it in the Ecumenical Temple)
 73633 | Zot:1    | Entered Level 1 of the Realm of Zot
 73831 | Zot:1    | Reached skill level 27 in Fighting
 74315 | Zot:1    | Got a bloodstained scale mail
 75144 | Zot:1    | Identified the ring "Xekhlycan" {rCorr Dex+4}
 75164 | Zot:1    | Received a gift from Okawaru
 75167 | Zot:1    | Identified the ring of Anarchy {rC+ Dex+5 Stlth+}
 75219 | Zot:1    | Got a smoking shield
 75301 | Zot:1    | Identified the +4 shield "Jafoeles" {Str+4 Int-4} (You
                  | found it on level 1 of the Realm of Zot)
 75336 | Zot:1    | Identified the cursed +0 scale mail of Duck's Teeth {rC+}
                  | (You found it on level 1 of the Realm of Zot)
 76481 | Zot:2    | Identified the +4 dragonskin cloak
 76481 | Zot:2    | Noticed Tiamat
 76503 | Zot:2    | Reached skill level 15 in Invocations
 76575 | Zot:2    | Killed Tiamat
 76575 | Zot:2    | Received a gift from Okawaru
 77080 | Zot:2    | Got a crystal morningstar
 77130 | Zot:2    | Identified the +6 morningstar of Thoughtfulness {crush,
                  | rPois rF+++ rC+ Stlth+} (You found it on level 2 of the
                  | Realm of Zot)
 78525 | Zot:4    | Received a gift from Okawaru
 78541 | Zot:4    | Got a scorched hat {god gift}
 79335 | Zot:5    | Entered Level 5 of the Realm of Zot
 79929 | Vaults:3 | You paid a toll of +4 storm dragon scales to enter a
                  | treasure trove
 79930 | Trove    | Entered a treasure trove
 79939 | Trove    | Got a brightly glowing ruby amulet
 79945 | Trove    | Got a heavily runed large shield
 79964 | Trove    | Identified the amulet of Xom's Reproof {Gourm rF+} (You
                  | found it in a treasure trove)
 79965 | Trove    | Identified the +4 large shield of Pomeiz {rF++ Int+3} (You
                  | found it in a treasure trove)
 80013 | Trove    | Identified the +0 hat "Teinguic" {Str+6 Stlth+} (Okawaru
                  | gifted it to you on level 4 of the Realm of Zot)
 80047 | Trove    | Got a steaming scimitar
 80048 | Trove    | Identified the +8 scimitar "Ox" {flame, +Fly rF- rC++ MR+}
                  | (You found it in a treasure trove)
 81612 | Zot:5    | Received a gift from Okawaru
 81816 | Zot:5    | Noticed an orb of fire
 81817 | Zot:5    | Noticed an ancient lich
 81819 | Zot:5    | Noticed an orb of fire
 81842 | Zot:5    | Killed an ancient lich
 81854 | Zot:5    | Noticed an ancient lich
 81884 | Zot:5    | Gained mutation: Armour fits poorly on your strangely
                  | shaped body. [an orb of fire]
 81895 | Zot:5    | Killed an orb of fire
 81896 | Zot:5    | Gained mutation: Your body often deteriorates upon taking
                  | damage. [an orb of fire]
 81908 | Zot:5    | Killed an orb of fire
 81913 | Zot:5    | Received a gift from Okawaru
 81920 | Zot:5    | Killed an ancient lich
 82417 | Zot:5    | Got a fine chain mail {god gift}
 82467 | Zot:5    | Noticed an orb of fire
 82483 | Zot:5    | Killed an orb of fire
 82503 | Zot:5    | Noticed an ancient lich
 82513 | Zot:5    | Killed an ancient lich
 82711 | Zot:5    | Received a gift from Okawaru
 82714 | Zot:5    | Got a smoking large shield {god gift}
 82797 | Zot:5    | Identified the +4 large shield "Damnable Contraption" {rC+
                  | Str+3} (Okawaru gifted it to you on level 5 of the Realm of
                  | Zot)
 82826 | Zot:5    | Identified the +1 chain mail "Zuxiuz" {Stlth+} (Okawaru
                  | gifted it to you on level 5 of the Realm of Zot)
 84867 | Zot:5    | Got the Orb of Zot
 85219 | Depths:2 | Noticed Ulett the pandemonium lord
 85236 | Depths:2 | Killed Ulett the pandemonium lord
 85729 | D:1      | Noticed Carun the pandemonium lord
 85729 | D:1      | Noticed an ancient lich
 85756 | D:1      | Killed Carun the pandemonium lord
 85760 | D:1      | Killed an ancient lich
 85831 | D:$      | Escaped with the Orb!

Skill      XL: |  1  2  3  4  5  6  7  8  9 10 11 12 13 14 15 16 17 18 19 20 21 22 23 24 25 26 27 |
---------------+----------------------------------------------------------------------------------+-----
Fighting       | 4 5 6 10 12 15 17 18 19 20 22 23 27 | 27.0
Axes           | 5 7 10 11 14 16 17 18 | 18.0
Armour         | 8 10 11 12 13 15 17 21 24 26 | 26.0
Shields        | 6 9 10 12 17 19 20 22 25 26 | 26.0
Invocations    | 5 6 9 14 22 | 22.0
Evocations     | 8 9 10 13 16 19 | 19.5
Dodging        | 6 12 14 15 17 22 | 22.0
Short Blades   | |  0.7

Action                   |  1- 3 |  4- 6 |  7- 9 | 10-12 | 13-15 | 16-18 | 19-21 | 22-24 | 25-27 || total
-------------------------+-------+-------+-------+-------+-------+-------+-------+-------+-------++-------
Melee: War axe           |    56 |     4 |       |       |       |       |       |       |       ||    60
       Headbutt          |    11 |    14 |    34 |   134 |   352 |   383 |   384 |   382 |   938 ||  2632
       Short sword       |       |    33 |       |       |       |       |       |       |       ||    33
       Hand axe          |       |    56 |   162 |   518 |  1092 |  1040 |   372 |       |       ||  3240
       Broad axe         |       |       |       |    49 |     9 |       |   718 |  1123 |  2447 ||  4346
       Unarmed           |       |       |       |       |     4 |       |       |       |       ||     4
Invok: Heroism           |       |       |     7 |    21 |    36 |    40 |    36 |    32 |    42 ||   214
       Finesse           |       |       |       |       |    10 |    11 |    18 |    26 |    34 ||    99
 Abil: Evoke Flight      |       |       |       |       |     1 |       |       |     9 |     1 ||    11
       Evoke Invisibilit |       |       |       |       |       |     2 |       |     1 |       ||     3
Evoke: Wand              |       |       |       |       |    27 |       |     6 |     1 |     6 ||    40
       Lightning rod     |       |       |       |       |    13 |       |     5 |     4 |       ||    22
       Box of beasts     |       |       |       |       |       |     1 |       |       |     1 ||     2
       Phial of floods   |       |       |       |       |       |       |       |       |     2 ||     2
       Fan of gales      |       |       |       |       |       |       |       |       |     1 ||     1
       Sack of spiders   |       |       |       |       |       |       |       |       |     1 ||     1
  Use: Scroll            |       |     6 |     2 |     7 |    15 |    17 |    22 |     7 |    37 ||   113
       Potion            |       |       |     1 |     7 |    11 |     1 |     6 |     1 |     8 ||    35
 Stab: Paralysed         |       |       |       |       |     8 |       |       |       |     2 ||    10
       Invisible         |       |       |       |       |       |     1 |       |     5 |       ||     6
       Petrifying        |       |       |       |       |       |     1 |       |       |       ||     1
       Petrified         |       |       |       |       |       |     1 |       |       |       ||     1
       Distracted        |       |       |       |       |       |       |     2 |     1 |     2 ||     5
       Confused          |       |       |       |       |       |       |       |       |     3 ||     3
  Eat: Chunk             |     1 |     2 |     2 |       |       |       |       |       |       ||     5
       Ration            |       |     2 |     2 |     8 |    13 |    12 |    13 |    11 |    21 ||    82
Armor: Scale mail        |    23 |     3 |       |       |       |       |       |       |       ||    26
       Plate armour      |       |    33 |    48 |   159 |   448 |       |       |       |       ||   688
       Skin              |       |       |       |       |     2 |       |       |       |       ||     2
       Gold dragon scale |       |       |       |       |    69 |   541 |   328 |   294 |   416 ||  1648
Dodge: Dodged            |    11 |    15 |    16 |    70 |   258 |   263 |   249 |   316 |   716 ||  1914
       Deflected         |       |       |       |       |       |       |       |       |    18 ||    18
Block: Shield            |    26 |    47 |    87 |   233 |   675 |   949 |   618 |   212 |   663 ||  3510
       Large shield      |       |       |       |       |       |       |       |   761 |  1388 ||  2149
       Reflection        |       |       |       |       |       |       |       |       |    24 ||    24
